Avalanche vs Blue Jackets
Created - 11 novembre 2014 at 19:00
Goals
|
Avalanche |
2 |
0 |
1 |
3 |
Blue Jackets |
1 |
1 |
0 |
2 |
|
Shots
|
Avalanche |
6 |
17 |
10 |
33 |
Blue Jackets |
9 |
3 |
13 |
25 |
|
1st period
1. Avalanche , Brian Campbell 1 (Jason Allison, Rostislav Olesz) at 11:24
2. Avalanche , Drew Doughty 6 (Ryan Smyth) at 19:12 (PP)
3. Blue Jackets , Marc Savard 7 (Branislav Mezei, David Booth) at 19:53
Penalties :
Jan Bulis (Clb) for Hooking (Minor) at 4:06, Pavel Bure (Clb) for Slashing (Minor) at 15:12, Pavel Bure (Clb) for Hooking (Minor) at 18:56
2nd period
4. Blue Jackets , Chris Kelly 10 (Brad Stuart) at 4:23
Penalties :
Chris Kelly (Clb) for Goalie Interference (Minor) at 2:17, Ramzi Abid (Clb) for Tripping (Minor) at 6:25, Wade Redden (Clb) for Tripping (Minor) at 10:26, Andrew Ladd (Col) for Roughing (Minor) at 14:59
3rd period
5. Avalanche , Jason Pominville 8 (Mike Comrie, Ryan Smyth) at 3:03
Penalties :
Andrew Ladd (Col) for Roughing (Minor) at 9:01, Rostislav Olesz (Col) for Cross-checking (Minor) at 12:21, Brad Stuart (Clb) for Interference (Minor) at 15:07, Michael Rupp (Col) for Interference (Minor) at 18:54
Goalie Stats
Jimmy Howard (Col), 23 saves from 25 shots - (0,920), W, 11-4-0, 60:00 minutes
Rick DiPietro (Clb), 30 saves from 33 shots - (0,909), L, 11-7-3, 60:00 minutes
Players Stats for Avalanche
Player Name G A P +/- PIM S H SB GA TA FO MP PP MP PK MP
------------------------------------------------------------------------------------
Andrew Ladd 0 0 0 0 4 0 1 0 1 0 0/0 9:33 0:08 0:42
Brian Campbell 1 0 1 2 0 2 0 1 0 0 0/0 18:45 4:23 0:00
Bryan Little 0 0 0 -1 0 3 1 0 0 0 3/6 13:08 4:30 0:00
Chuck Kobasew 0 0 0 0 0 0 1 1 0 0 1/1 10:50 0:06 1:36
Corey Perry 0 0 0 1 0 4 1 0 0 0 1/1 18:51 7:34 0:00
Dave Tanabe 0 0 0 -1 0 0 4 0 1 0 0/0 24:46 7:37 3:21
Drew Doughty 1 0 1 -2 0 6 0 2 1 0 0/0 20:14 7:37 0:03
Dustin Byfuglien 0 0 0 0 0 2 1 0 0 1 3/3 11:28 0:16 1:36
Jack Johnson 0 0 0 2 0 1 0 1 0 0 0/0 21:58 4:23 3:38
Jason Allison 0 1 1 1 0 2 5 1 1 0 17/28 20:00 7:24 1:26
Jason Pominville 1 0 1 -1 0 2 2 0 0 0 0/0 15:37 4:30 0:00
Marc Staal 0 0 0 0 0 0 2 1 0 1 0/0 17:40 0:10 3:41
Maxim Talbot 0 0 0 0 0 1 2 2 0 0 4/5 8:55 0:00 0:00
Michael Rupp 0 0 0 0 2 2 3 1 0 1 0/1 12:11 0:00 3:05
Mike Comrie 0 1 1 0 0 0 2 2 0 1 8/19 15:47 0:00 4:00
Rostislav Olesz 0 1 1 0 2 2 1 0 0 0 0/1 17:27 4:30 1:39
Ryan Smyth 0 2 2 0 0 5 2 1 0 1 0/0 19:07 7:32 0:00
Shane O'Brien 0 0 0 -1 0 1 4 2 0 1 0/0 16:37 0:10 3:21
Players Stats for Blue Jackets
Player Name G A P +/- PIM S H SB GA TA FO MP PP MP PK MP
------------------------------------------------------------------------------------
A.J Thelen 0 0 0 0 0 1 2 0 0 0 0/0 11:03 0:00 1:49
Adam Deadmarsh 0 0 0 0 0 0 3 0 0 0 0/0 9:10 0:05 0:00
Blake Wheeler 0 0 0 1 0 4 2 0 1 0 0/0 19:23 3:09 3:41
Brad Stuart 0 1 1 -1 2 1 2 3 1 1 0/0 20:32 2:45 4:38
Branislav Mezei 0 1 1 1 0 1 3 0 0 1 0/0 29:33 4:17 6:48
Chris Kelly 1 0 1 1 2 2 2 0 0 0 4/8 9:50 0:05 0:19
Dave Steckel 0 0 0 -1 0 1 1 0 0 0 1/3 6:09 0:00 0:00
David Booth 0 1 1 0 0 4 1 0 2 0 2/2 23:02 3:48 6:35
François Beauchemin 0 0 0 -1 0 0 1 1 0 1 0/0 21:17 2:45 5:22
Jan Bulis 0 0 0 0 2 0 2 1 0 0 4/12 15:40 3:09 0:00
Jason Ward 0 0 0 -1 0 1 0 0 0 0 0/0 6:09 0:00 0:00
Jeff Taffe 0 0 0 -1 0 1 1 1 0 0 0/0 9:06 0:00 2:35
Marc Savard 1 0 1 0 0 3 1 1 1 0 15/36 23:02 3:48 6:35
Marcus Nilson 0 0 0 0 0 1 0 0 0 0 0/0 11:10 0:05 1:47
Mike Commodore 0 0 0 0 0 1 0 1 0 0 0/0 9:10 0:00 0:00
Pavel Bure 0 0 0 1 4 2 2 0 1 1 2/2 19:16 3:48 2:48
Ramzi Abid 0 0 0 0 2 1 0 0 0 0 0/2 15:44 3:09 0:00
Wade Redden 0 0 0 1 2 1 4 0 0 0 0/0 28:27 4:17 5:43
3 Stars
1 - Brian Campbell (Col)
2 - Jason Allison (Col)
3 - Ryan Smyth (Col)
Power Play
Avalanche - 1 on 7 Attempt(s) - 14,29%
Blue Jackets - 0 on 4 Attempt(s) - 0,00%
Penalty Kill
Avalanche - 4 on 4 Attempt(s) - 100,00%
- Score 0 goal in Penalty Kill
Blue Jackets - 6 on 7 Attempt(s) - 85,71%
- Score 0 goal in Penalty Kill
Official
Referees : LaRue Dennis and Devorski Paul
Linesman : Derek Amell and Bryan Pancich
Game Notes
6:50 of 2nd period - Avalanche goal is going for a video replay. After video review, No Goal. The goalkeeper has been pushed into the net together with the puck after making a save.
Finance
Level 1 -- Attendance: 4952 (82,53%) -- Ticket Income 445 680 $
Level 2 -- Attendance: 4158 (83,16%) -- Ticket Income 228 690 $
Level 3 -- Attendance: 1991 (99,55%) -- Ticket Income 59 730 $
Level 4 -- Attendance: 3708 (92,70%) -- Ticket Income 74 160 $
Luxury Box -- Attendance: 721 (72,10%) -- Ticket Income 133 385 $
Game was played at the Ohio State Arena
Total Attendance: 15530 (86,28%)
Total Ticket Income: 941 645 $
Other Income: 141 247 $
Total Income: 1 082 892 $
Avalanche
5 vs 5 Forward
Center Left Wing Right Wing Time % Phy DF OF
1 Jason Allison Rostislav Olesz Corey Perry 35 1 2 2
2 Mike Comrie Ryan Smyth Jason Pominville 35 1 2 2
3 Bryan Little Andrew Ladd Dustin Byfuglien 15 1 2 2
4 Maxim Talbot Michael Rupp Chuck Kobasew 15 1 2 2
5 vs 5 Defense
Defense Defense Time % Phy DF OF
1 Jack Johnson Brian Campbell 35 1 2 2
2 Marc Staal Dave Tanabe 35 1 2 2
3 Drew Doughty Shane O'Brien 30 1 2 2
4 Jack Johnson Brian Campbell 0 1 2 2
PowerPlay Forward
Center Left Wing Right Wing Time % Phy DF OF
1 Jason Allison Ryan Smyth Corey Perry 60 1 2 2
2 Bryan Little Rostislav Olesz Jason Pominville 40 1 2 2
PowerPlay Defense
Defense Defense Time % Phy DF OF
1 Drew Doughty Dave Tanabe 60 1 2 2
2 Brian Campbell Jack Johnson 40 1 2 2
Penalty Kill 4 Players Forward
Center Wing Time % Phy DF OF
1 Mike Comrie Michael Rupp 60 1 2 2
2 Dustin Byfuglien Chuck Kobasew 40 1 2 2
Penalty Kill 4 Players Defense
Defense Defense Time % Phy DF OF
1 Jack Johnson Marc Staal 60 1 2 2
2 Dave Tanabe Shane O'Brien 40 1 2 2
Penalty Kill - 3 Players Forward
Forward Time % Phy DF OF
1 Mike Comrie 60 1 2 2
2 Jason Pominville 40 1 2 2
Penalty Kill - 3 Players Defense
Defense Defense Time % Phy DF OF
1 Jack Johnson Marc Staal 60 1 2 2
2 Dave Tanabe Shane O'Brien 40 1 2 2
4 vs 4 Forward
Center Wing Time % Phy DF OF
1 Corey Perry Jason Pominville 60 1 2 2
2 Ryan Smyth Mike Comrie 40 1 2 2
4 vs 4 Defense
Defense Defense Time % Phy DF OF
1 Jack Johnson Marc Staal 60 1 2 2
2 Dave Tanabe Drew Doughty 40 1 2 2
Last Minutes Offensive
Center Left Wing Right Wing Defense Defense
Jason Allison Ryan Smyth Corey Perry Drew Doughty Dave Tanabe
Last Minutes Defensive
Center Left Wing Right Wing Defense Defense
Mike Comrie Michael Rupp Chuck Kobasew Jack Johnson Marc Staal
Goaltenders
Starting : Jimmy Howard
Backup : Marty Turco
Extra Forwards
Normal : Dustin Byfuglien, Rostislav Olesz, Andrew Ladd - PP : Dustin Byfuglien, Rostislav Olesz - PK : Andrew Ladd
Extra Defensemen
Normal : Dave Tanabe, Shane O'Brien, Drew Doughty - PP : Dave Tanabe - PK : Shane O'Brien, Drew Doughty
Penalty Shots
Corey Perry, Ryan Smyth, Bryan Little, Mike Comrie, Dave Tanabe
Blue Jackets
5 vs 5 Forward
Center Left Wing Right Wing Time % Phy DF OF
1 Marc Savard David Booth Pavel Bure 40 1 2 2
2 Jan Bulis Ramzi Abid Blake Wheeler 30 1 2 2
3 Chris Kelly Marcus Nilson Adam Deadmarsh 20 1 2 2
4 Dave Steckel Jeff Taffe Jason Ward 10 1 2 2
5 vs 5 Defense
Defense Defense Time % Phy DF OF
1 Branislav Mezei Wade Redden 40 1 2 2
2 François Beauchemin Brad Stuart 30 1 2 2
3 Mike Commodore A.J Thelen 20 1 2 2
4 Branislav Mezei Wade Redden 10 1 2 2
PowerPlay Forward
Center Left Wing Right Wing Time % Phy DF OF
1 Marc Savard David Booth Pavel Bure 60 1 1 3
2 Jan Bulis Ramzi Abid Blake Wheeler 40 1 1 3
PowerPlay Defense
Defense Defense Time % Phy DF OF
1 Branislav Mezei Wade Redden 60 1 1 3
2 François Beauchemin Brad Stuart 40 1 1 3
Penalty Kill 4 Players Forward
Center Wing Time % Phy DF OF
1 Marc Savard David Booth 60 1 3 1
2 Pavel Bure Blake Wheeler 40 1 3 1
Penalty Kill 4 Players Defense
Defense Defense Time % Phy DF OF
1 Branislav Mezei Wade Redden 60 1 1 3
2 François Beauchemin Brad Stuart 40 1 3 1
Penalty Kill - 3 Players Forward
Forward Time % Phy DF OF
1 Marc Savard 60 1 2 2
2 David Booth 40 1 2 2
Penalty Kill - 3 Players Defense
Defense Defense Time % Phy DF OF
1 Branislav Mezei Wade Redden 60 1 2 2
2 François Beauchemin Brad Stuart 40 1 2 2
4 vs 4 Forward
Center Wing Time % Phy DF OF
1 Marc Savard David Booth 60 1 2 2
2 Pavel Bure Blake Wheeler 40 1 2 2
4 vs 4 Defense
Defense Defense Time % Phy DF OF
1 Branislav Mezei Wade Redden 60 1 2 2
2 François Beauchemin Brad Stuart 40 1 2 2
Last Minutes Offensive
Center Left Wing Right Wing Defense Defense
Marc Savard David Booth Pavel Bure Branislav Mezei Wade Redden
Last Minutes Defensive
Center Left Wing Right Wing Defense Defense
Marc Savard David Booth Pavel Bure Branislav Mezei Wade Redden
Goaltenders
Starting : Rick DiPietro
Backup : Mathieu Garon
Extra Forwards
Normal : Marcus Nilson, Chris Kelly, Jeff Taffe - PP : Marcus Nilson, Chris Kelly - PK : Jeff Taffe
Extra Defensemen
Normal : Mike Commodore, A.J Thelen, François Beauchemin - PP : Mike Commodore - PK : A.J Thelen, François Beauchemin
Penalty Shots
Marc Savard, David Booth, Pavel Bure, Blake Wheeler, Ramzi Abid
% Time on Ice - Avalanche
Lines # - Real PCT - Wanted PCT - Time Play
Normal Forward
1 - 28% - 35% - 11:36
2 - 29% - 35% - 11:46
3 - 21% - 15% - 8:28
4 - 22% - 15% - 8:55
Normal Defense
1 - 35% - 35% - 14:17
2 - 35% - 35% - 14:17
3 - 30% - 30% - 12:11
4 - 0% - 0% - 0:00
PP Forward
1 - 63% - 60% - 7:40
2 - 37% - 40% - 4:30
PP Defense
1 - 64% - 60% - 7:47
2 - 36% - 40% - 4:23
PK Forward
1 - 77% - 60% - 5:26
2 - 23% - 40% - 1:36
PK Defense
1 - 52% - 60% - 3:41
2 - 48% - 40% - 3:21
PK3 Forward
1 - 0% - 60%
2 - 0% - 40%
PK3 Defense
1 - 0% - 60%
2 - 0% - 40%
44 Forward
1 - 0% - 60%
2 - 0% - 40%
44 Defense
1 - 0% - 60%
2 - 0% - 40%
Last Minute Offensive - 0:00
Last Minute Defensive - 0:03
Total
Forward - 60:00
Defense - 60:00
|
% Time on Ice - Blue Jackets
Lines # - Real PCT - Wanted PCT - Time Play
Normal Forward
1 - 32% - 40% - 13:02
2 - 31% - 30% - 12:33
3 - 22% - 20% - 9:01
4 - 15% - 10% - 6:09
Normal Defense
1 - 42% - 40% - 17:04
2 - 32% - 30% - 13:10
3 - 22% - 20% - 9:10
4 - 3% - 10% - 1:21
PP Forward
1 - 55% - 60% - 3:53
2 - 45% - 40% - 3:09
PP Defense
1 - 61% - 60% - 4:17
2 - 39% - 40% - 2:45
PK Forward
1 - 70% - 60% - 8:29
2 - 30% - 40% - 3:41
PK Defense
1 - 56% - 60% - 6:48
2 - 44% - 40% - 5:22
PK3 Forward
1 - 0% - 60%
2 - 0% - 40%
PK3 Defense
1 - 0% - 60%
2 - 0% - 40%
44 Forward
1 - 0% - 60%
2 - 0% - 40%
44 Defense
1 - 0% - 60%
2 - 0% - 40%
Last Minute Offensive - 0:03
Last Minute Defensive - 0:00
Total
Forward - 60:00
Defense - 60:00
|
Play by Play
1st period
0:01 of 1st period - Jason Allison wins face-off versus Marc Savard in neutral zone.
0:10 of 1st period - Wrist shot by Corey Perry.
0:10 of 1st period - Deflect By Rostislav Olesz.
0:10 of 1st period - Stopped by Rick DiPietro without a rebound.
0:11 of 1st period - Mike Comrie wins face-off versus Ramzi Abid in Blue Jackets zone.
0:38 of 1st period - Dave Tanabe is hit by Adam Deadmarsh and loses puck.
0:59 of 1st period - Snap shot by David Booth.
0:59 of 1st period - Shot Blocked by Maxim Talbot.
1:05 of 1st period - David Booth is hit by Chuck Kobasew.
1:09 of 1st period - Chuck Kobasew is hit by Pavel Bure and loses puck.
1:26 of 1st period - Snap shot by Jason Allison.
1:26 of 1st period - Shot Misses the Net.
1:28 of 1st period - Slapshot by Shane O'Brien.
1:28 of 1st period - Stopped by Rick DiPietro without a rebound.
1:29 of 1st period - Jan Bulis wins face-off versus Mike Comrie in Blue Jackets zone.
1:34 of 1st period - Snap shot by Blake Wheeler.
1:34 of 1st period - Deflect By Mike Comrie.
1:34 of 1st period - Stopped by Jimmy Howard with a rebound.
1:36 of 1st period - Slapshot by Ramzi Abid.
1:36 of 1st period - Shot Blocked by Mike Comrie.
1:38 of 1st period - Slapshot by Mike Commodore.
1:38 of 1st period - Deflect By Jan Bulis.
1:38 of 1st period - Shot Misses the Net.
1:38 of 1st period - Puck is out of play.
1:39 of 1st period - Mike Comrie wins face-off versus Jan Bulis in Avalanche zone.
1:48 of 1st period - Snap shot by Jan Bulis.
1:48 of 1st period - Deflect By Ramzi Abid.
1:48 of 1st period - Shot Misses the Net.
1:48 of 1st period - Puck is out of play.
1:49 of 1st period - Jason Allison wins face-off versus Marc Savard in Avalanche zone.
2:03 of 1st period - Wrist shot by David Booth.
2:03 of 1st period - Shot Misses the Net.
2:05 of 1st period - Slapshot by Pavel Bure.
2:05 of 1st period - Shot Blocked by Marc Staal.
2:48 of 1st period - Wrist shot by Michael Rupp.
2:48 of 1st period - Shot Misses the Net.
4:06 of 1st period - Minor Penalty to Jan Bulis for Hooking.
4:07 of 1st period - Jason Allison wins face-off versus Marc Savard in Blue Jackets zone.
4:52 of 1st period - Pavel Bure is hit by Jason Allison and loses puck.
6:06 of 1st period - Penalty to Jan Bulis is over, Jan Bulis is back on ice.
6:26 of 1st period - Branislav Mezei is hit by Shane O'Brien and loses puck.
6:55 of 1st period - A.J Thelen is hit by Michael Rupp.
7:38 of 1st period - Brian Campbell is hit by Branislav Mezei and loses puck.
8:12 of 1st period - Blake Wheeler is hit by Jason Allison and loses puck.
9:03 of 1st period - Bryan Little is hit by Chris Kelly and loses puck.
9:27 of 1st period - François Beauchemin is hit by Dave Tanabe.
9:53 of 1st period - Bryan Little is hit by Branislav Mezei and loses puck.
10:21 of 1st period - Wrist shot by Marc Savard.
10:21 of 1st period - Stopped by Jimmy Howard without a rebound.
10:22 of 1st period - Marc Savard wins face-off versus Michael Rupp in Avalanche zone.
10:43 of 1st period - Blake Wheeler is hit by Michael Rupp and loses puck.
11:04 of 1st period - Slapshot by Chris Kelly.
11:04 of 1st period - Shot Misses the Net.
11:06 of 1st period - Slapshot by Mike Commodore.
11:06 of 1st period - Shot Misses the Net.
11:08 of 1st period - Snap shot by Adam Deadmarsh.
11:08 of 1st period - Shot Blocked by Maxim Talbot.
11:10 of 1st period - Snap shot by A.J Thelen.
11:10 of 1st period - Stopped by Jimmy Howard with a rebound.
11:12 of 1st period - Snap shot by Mike Commodore.
11:12 of 1st period - Stopped by Jimmy Howard with a rebound.
11:22 of 1st period - Snap shot by Jason Allison.
11:22 of 1st period - Stopped by Rick DiPietro with a rebound.
11:24 of 1st period - Slapshot by Brian Campbell.
11:24 of 1st period - Deflect By Pavel Bure.
11:24 of 1st period - Goal by Brian Campbell - Avalanche : 1 - Blue Jackets : 0.
11:25 of 1st period - David Booth wins face-off versus Jason Allison in neutral zone.
11:50 of 1st period - Ramzi Abid is hit by Jason Pominville and loses puck.
12:11 of 1st period - Wrist shot by Adam Deadmarsh.
12:11 of 1st period - Shot Misses the Net.
12:17 of 1st period - Slapshot by Adam Deadmarsh.
12:17 of 1st period - Shot Blocked by Drew Doughty.
12:19 of 1st period - Slapshot by Adam Deadmarsh.
12:19 of 1st period - Shot Misses the Net.
12:21 of 1st period - Snap shot by Marcus Nilson.
12:21 of 1st period - Stopped by Jimmy Howard without a rebound.
12:22 of 1st period - Jason Allison wins face-off versus Marc Savard in Avalanche zone.
12:35 of 1st period - Snap shot by David Booth.
12:35 of 1st period - Stopped by Jimmy Howard without a rebound.
12:36 of 1st period - Pavel Bure wins face-off versus Mike Comrie in Avalanche zone.
13:51 of 1st period - Snap shot by Drew Doughty.
13:51 of 1st period - Deflect By Michael Rupp.
13:51 of 1st period - Shot Blocked by Mike Commodore.
13:51 of 1st period - Puck is out of play.
13:52 of 1st period - Chuck Kobasew wins face-off versus Marc Savard in Blue Jackets zone.
14:44 of 1st period - Dave Tanabe is hit by Dave Steckel and loses puck.
14:53 of 1st period - Wrist shot by Jeff Taffe.
14:53 of 1st period - Shot Blocked by Mike Comrie.
15:12 of 1st period - Minor Penalty to Pavel Bure for Slashing.
15:13 of 1st period - Marc Savard wins face-off versus Jason Allison in Blue Jackets zone.
15:21 of 1st period - David Booth is hit by Corey Perry and loses puck.
16:27 of 1st period - David Booth is hit by Dave Tanabe.
16:56 of 1st period - Brian Campbell is hit by Chris Kelly.
17:12 of 1st period - Penalty to Pavel Bure is over, Pavel Bure is back on ice.
17:14 of 1st period - Snap shot by Chris Kelly.
17:14 of 1st period - Shot Misses the Net.
17:20 of 1st period - Wrist shot by Chris Kelly.
17:20 of 1st period - Stopped by Jimmy Howard without a rebound.
17:21 of 1st period - Chris Kelly wins face-off versus Maxim Talbot in Avalanche zone.
17:32 of 1st period - Marcus Nilson is hit by Maxim Talbot and loses puck.
17:45 of 1st period - François Beauchemin is hit by Shane O'Brien and loses puck.
17:50 of 1st period - Snap shot by Bryan Little.
17:50 of 1st period - Shot Blocked by Jan Bulis.
17:52 of 1st period - Slapshot by Dave Tanabe.
17:52 of 1st period - Shot Blocked by François Beauchemin.
17:54 of 1st period - Slapshot by Marc Staal.
17:54 of 1st period - Deflect By Bryan Little.
17:54 of 1st period - Shot Blocked by Brad Stuart.
17:54 of 1st period - Puck is out of play.
17:55 of 1st period - Marc Savard wins face-off versus Mike Comrie in Blue Jackets zone.
18:06 of 1st period - Snap shot by David Booth.
18:06 of 1st period - Shot Misses the Net.
18:21 of 1st period - Dave Tanabe is hit by A.J Thelen.
18:27 of 1st period - Wrist shot by Corey Perry.
18:27 of 1st period - Stopped by Rick DiPietro without a rebound.
18:28 of 1st period - Jason Allison wins face-off versus Jan Bulis in Blue Jackets zone.
18:56 of 1st period - Minor Penalty to Pavel Bure for Hooking.
18:57 of 1st period - Marc Savard wins face-off versus Jason Allison in Blue Jackets zone.
18:57 of 1st period - Marc Savard is hit by Jason Allison.
19:12 of 1st period - Wrist shot by Drew Doughty.
19:12 of 1st period - Goal by Drew Doughty - Avalanche : 2 - Blue Jackets : 0.
19:13 of 1st period - David Booth wins face-off versus Mike Comrie in neutral zone.
19:29 of 1st period - Branislav Mezei is hit by Mike Comrie and loses puck.
19:38 of 1st period - Ryan Smyth is hit by Wade Redden and loses puck.
19:45 of 1st period - Slapshot by David Booth.
19:45 of 1st period - Shot Hit the Post.
19:47 of 1st period - Snap shot by David Booth.
19:47 of 1st period - Stopped by Jimmy Howard with a rebound.
19:49 of 1st period - Slapshot by Branislav Mezei.
19:49 of 1st period - Shot Misses the Net.
19:51 of 1st period - Wrist shot by Marc Savard.
19:51 of 1st period - Shot Blocked by Ryan Smyth.
19:53 of 1st period - Snap shot by Marc Savard.
19:53 of 1st period - Goal by Marc Savard - Avalanche : 2 - Blue Jackets : 1.
19:54 of 1st period - Jason Allison wins face-off versus Jan Bulis in neutral zone.
Goals for this period are 2 for Avalanche vs 1 for Blue Jackets.
Shots for this period are 6 for Avalanche vs 9 for Blue Jackets.
2nd period
0:01 of 2nd period - Jason Allison wins face-off versus Marc Savard in neutral zone.
0:25 of 2nd period - Blake Wheeler is hit by Ryan Smyth and loses puck.
0:38 of 2nd period - Snap shot by Ryan Smyth.
0:38 of 2nd period - Stopped by Rick DiPietro with a rebound.
0:47 of 2nd period - Off-side.
0:48 of 2nd period - Dustin Byfuglien wins face-off versus Chris Kelly in neutral zone.
0:53 of 2nd period - Snap shot by Bryan Little.
0:53 of 2nd period - Stopped by Rick DiPietro without a rebound.
0:54 of 2nd period - Jason Allison wins face-off versus Marc Savard in Blue Jackets zone.
1:09 of 2nd period - Snap shot by David Booth.
1:09 of 2nd period - Deflect By Brian Campbell.
1:09 of 2nd period - Stopped by Jimmy Howard without a rebound.
1:10 of 2nd period - Jan Bulis wins face-off versus Mike Comrie in Avalanche zone.
1:37 of 2nd period - Wade Redden is hit by Dustin Byfuglien and loses puck.
1:49 of 2nd period - Off-side.
1:50 of 2nd period - Jason Allison wins face-off versus Chris Kelly in neutral zone.
1:53 of 2nd period - Snap shot by Brian Campbell.
1:53 of 2nd period - Shot Misses the Net.
1:55 of 2nd period - Snap shot by Rostislav Olesz.
1:55 of 2nd period - Deflect By Jason Allison.
1:55 of 2nd period - Stopped by Rick DiPietro without a rebound.
1:56 of 2nd period - Chris Kelly wins face-off versus Jason Allison in Blue Jackets zone.
2:17 of 2nd period - Minor Penalty to Chris Kelly for Goalie Interference.
2:18 of 2nd period - Marc Savard wins face-off versus Jason Allison in Blue Jackets zone.
2:18 of 2nd period - Marc Savard is hit by Dave Tanabe.
2:28 of 2nd period - Slapshot by Drew Doughty.
2:28 of 2nd period - Stopped by Rick DiPietro without a rebound.
2:29 of 2nd period - Jason Allison wins face-off versus Marc Savard in Blue Jackets zone.
3:16 of 2nd period - Pavel Bure is hit by Jason Allison and loses puck.
4:17 of 2nd period - Penalty to Chris Kelly is over, Chris Kelly is back on ice.
4:23 of 2nd period - Snap shot by Chris Kelly.
4:23 of 2nd period - Goal by Chris Kelly - Avalanche : 2 - Blue Jackets : 2.
4:24 of 2nd period - Maxim Talbot wins face-off versus Marc Savard in neutral zone.
4:27 of 2nd period - Pavel Bure is hit by Maxim Talbot and loses puck.
4:38 of 2nd period - Wrist shot by David Booth.
4:38 of 2nd period - Shot Misses the Net.
4:57 of 2nd period - Jason Pominville is hit by Blake Wheeler and loses puck.
5:31 of 2nd period - Marc Staal is hit by Jeff Taffe and loses puck.
6:25 of 2nd period - Minor Penalty to Ramzi Abid for Tripping.
6:26 of 2nd period - Jason Allison wins face-off versus Marc Savard in Blue Jackets zone.
6:31 of 2nd period - Wrist shot by Ryan Smyth.
6:31 of 2nd period - Shot Blocked by Marc Savard.
6:40 of 2nd period - Off-side.
6:41 of 2nd period - Corey Perry wins face-off versus Marc Savard in neutral zone.
6:44 of 2nd period - Slapshot by Drew Doughty.
6:44 of 2nd period - Stopped by Rick DiPietro with a rebound.
6:46 of 2nd period - Wrist shot by Corey Perry.
6:46 of 2nd period - Shot Misses the Net.
6:48 of 2nd period - Wrist shot by Drew Doughty.
6:48 of 2nd period - Shot Misses the Net.
6:50 of 2nd period - Slapshot by Drew Doughty.
6:50 of 2nd period - Deflect By Corey Perry.
6:50 of 2nd period - Avalanche goal is going for a video replay.
6:50 of 2nd period - The goal is refused. The goalkeeper has been pushed into the net together with the puck after making a save..
6:51 of 2nd period - Marc Savard wins face-off versus Jason Allison in Blue Jackets zone.
7:38 of 2nd period - Slapshot by Corey Perry.
7:38 of 2nd period - Stopped by Rick DiPietro with a rebound.
8:00 of 2nd period - Snap shot by Ryan Smyth.
8:00 of 2nd period - Shot Blocked by Brad Stuart.
8:25 of 2nd period - Penalty to Ramzi Abid is over, Ramzi Abid is back on ice.
8:26 of 2nd period - Slapshot by Drew Doughty.
8:26 of 2nd period - Stopped by Rick DiPietro with a rebound.
8:28 of 2nd period - Slapshot by Ryan Smyth.
8:28 of 2nd period - Stopped by Rick DiPietro with a rebound.
8:32 of 2nd period - Snap shot by Ryan Smyth.
8:32 of 2nd period - Shot Misses the Net.
8:34 of 2nd period - Wrist shot by Ryan Smyth.
8:34 of 2nd period - Stopped by Rick DiPietro without a rebound.
8:35 of 2nd period - Jan Bulis wins face-off versus Bryan Little in Blue Jackets zone.
8:45 of 2nd period - Icing by Jack Johnson.
8:46 of 2nd period - Bryan Little wins face-off versus Ramzi Abid in Avalanche zone.
8:59 of 2nd period - Snap shot by Bryan Little.
8:59 of 2nd period - Stopped by Rick DiPietro without a rebound.
9:00 of 2nd period - Dustin Byfuglien wins face-off versus Jan Bulis in Blue Jackets zone.
9:15 of 2nd period - Snap shot by Blake Wheeler.
9:15 of 2nd period - Stopped by Jimmy Howard without a rebound.
9:16 of 2nd period - Maxim Talbot wins face-off versus Marc Savard in Avalanche zone.
9:43 of 2nd period - Icing by Ramzi Abid.
9:44 of 2nd period - Bryan Little wins face-off versus Jan Bulis in Blue Jackets zone.
9:47 of 2nd period - Slapshot by Drew Doughty.
9:47 of 2nd period - Stopped by Rick DiPietro without a rebound.
9:48 of 2nd period - Marc Savard wins face-off versus Bryan Little in Blue Jackets zone.
9:48 of 2nd period - Marc Savard is hit by Andrew Ladd.
10:02 of 2nd period - Wrist shot by Bryan Little.
10:02 of 2nd period - Stopped by Rick DiPietro with a rebound.
10:04 of 2nd period - Wrist shot by Dustin Byfuglien.
10:04 of 2nd period - Stopped by Rick DiPietro without a rebound.
10:05 of 2nd period - Jan Bulis wins face-off versus Jason Allison in Blue Jackets zone.
10:16 of 2nd period - Snap shot by Ramzi Abid.
10:16 of 2nd period - Shot Misses the Net.
10:26 of 2nd period - Minor Penalty to Wade Redden for Tripping.
10:27 of 2nd period - Marc Savard wins face-off versus Jason Allison in Blue Jackets zone.
11:24 of 2nd period - François Beauchemin is hit by Jason Allison.
12:10 of 2nd period - Marcus Nilson is hit by Rostislav Olesz and loses puck.
12:26 of 2nd period - Penalty to Wade Redden is over, Wade Redden is back on ice.
13:32 of 2nd period - Jason Allison is hit by Brad Stuart and loses puck.
13:47 of 2nd period - Icing by Jason Allison.
13:48 of 2nd period - Mike Comrie wins face-off versus Marc Savard in Avalanche zone.
13:59 of 2nd period - Snap shot by Jason Pominville.
13:59 of 2nd period - Shot Misses the Net.
14:26 of 2nd period - Wrist shot by Dustin Byfuglien.
14:26 of 2nd period - Stopped by Rick DiPietro without a rebound.
14:27 of 2nd period - Jason Allison wins face-off versus Chris Kelly in Blue Jackets zone.
14:50 of 2nd period - Icing by Jason Allison.
14:51 of 2nd period - Marc Savard wins face-off versus Bryan Little in Avalanche zone.
14:59 of 2nd period - Minor Penalty to Andrew Ladd for Roughing.
15:00 of 2nd period - Marc Savard wins face-off versus Mike Comrie in Avalanche zone.
15:32 of 2nd period - Snap shot by Jan Bulis.
15:32 of 2nd period - Shot Misses the Net.
15:34 of 2nd period - Wrist shot by Jan Bulis.
15:34 of 2nd period - Shot Blocked by Michael Rupp.
16:59 of 2nd period - Penalty to Andrew Ladd is over, Andrew Ladd is back on ice.
17:17 of 2nd period - Snap shot by Dave Steckel.
17:17 of 2nd period - Shot Misses the Net.
17:19 of 2nd period - Wrist shot by Jeff Taffe.
17:19 of 2nd period - Shot Blocked by Drew Doughty.
17:55 of 2nd period - Branislav Mezei is hit by Mike Comrie and loses puck.
18:23 of 2nd period - Maxim Talbot is hit by Adam Deadmarsh and loses puck.
18:43 of 2nd period - Mike Commodore is hit by Ryan Smyth and loses puck.
19:01 of 2nd period - Snap shot by Blake Wheeler.
19:01 of 2nd period - Shot Misses the Net.
19:09 of 2nd period - Ryan Smyth is hit by A.J Thelen.
19:31 of 2nd period - Snap shot by Drew Doughty.
19:31 of 2nd period - Stopped by Rick DiPietro without a rebound.
19:32 of 2nd period - Jason Allison wins face-off versus Dave Steckel in Blue Jackets zone.
19:37 of 2nd period - Snap shot by Rostislav Olesz.
19:37 of 2nd period - Shot Blocked by Jeff Taffe.
19:39 of 2nd period - Wrist shot by Brian Campbell.
19:39 of 2nd period - Stopped by Rick DiPietro without a rebound.
19:40 of 2nd period - Jason Allison wins face-off versus Marc Savard in Blue Jackets zone.
19:41 of 2nd period - Wrist shot by Corey Perry.
19:41 of 2nd period - Shot Misses the Net.
19:53 of 2nd period - Snap shot by Marc Savard.
19:53 of 2nd period - Shot Misses the Net.
19:55 of 2nd period - Snap shot by Pavel Bure.
19:55 of 2nd period - Shot Misses the Net.
Goals for this period are 0 for Avalanche vs 1 for Blue Jackets.
Shots for this period are 17 for Avalanche vs 3 for Blue Jackets.
3rd period
0:01 of 3rd period - Marc Savard wins face-off versus Jason Allison in neutral zone.
0:04 of 3rd period - Wrist shot by Pavel Bure.
0:04 of 3rd period - Shot Blocked by Jason Allison.
0:06 of 3rd period - Snap shot by Marc Savard.
0:06 of 3rd period - Shot Blocked by Shane O'Brien.
0:42 of 3rd period - Wrist shot by Rostislav Olesz.
0:42 of 3rd period - Stopped by Rick DiPietro with a rebound.
1:18 of 3rd period - Wrist shot by Ryan Smyth.
1:18 of 3rd period - Stopped by Rick DiPietro without a rebound.
1:19 of 3rd period - Marc Savard wins face-off versus Mike Comrie in Blue Jackets zone.
1:54 of 3rd period - Snap shot by Jason Pominville.
1:54 of 3rd period - Stopped by Rick DiPietro without a rebound.
1:55 of 3rd period - Maxim Talbot wins face-off versus Jan Bulis in Blue Jackets zone.
2:22 of 3rd period - Adam Deadmarsh is hit by Bryan Little and loses puck.
2:45 of 3rd period - Slapshot by Jason Ward.
2:45 of 3rd period - Stopped by Jimmy Howard without a rebound.
2:46 of 3rd period - Mike Comrie wins face-off versus Dave Steckel in Avalanche zone.
3:03 of 3rd period - Snap shot by Jason Pominville.
3:03 of 3rd period - Goal by Jason Pominville - Avalanche : 3 - Blue Jackets : 2.
3:04 of 3rd period - Jason Allison wins face-off versus Marc Savard in neutral zone.
3:29 of 3rd period - Dave Tanabe is hit by Jan Bulis.
3:39 of 3rd period - Wrist shot by Ramzi Abid.
3:39 of 3rd period - Shot Misses the Net.
3:41 of 3rd period - Wrist shot by Blake Wheeler.
3:41 of 3rd period - Stopped by Jimmy Howard without a rebound.
3:42 of 3rd period - Chris Kelly wins face-off versus Rostislav Olesz in Avalanche zone.
3:59 of 3rd period - Jack Johnson is hit by Brad Stuart and loses puck.
4:36 of 3rd period - Wrist shot by Michael Rupp.
4:36 of 3rd period - Stopped by Rick DiPietro with a rebound.
4:38 of 3rd period - Snap shot by Maxim Talbot.
4:38 of 3rd period - Stopped by Rick DiPietro without a rebound.
4:39 of 3rd period - Maxim Talbot wins face-off versus Jan Bulis in Blue Jackets zone.
5:04 of 3rd period - Branislav Mezei is hit by Marc Staal and loses puck.
5:31 of 3rd period - Branislav Mezei is hit by Shane O'Brien and loses puck.
5:42 of 3rd period - Slapshot by Michael Rupp.
5:42 of 3rd period - Stopped by Rick DiPietro with a rebound.
5:56 of 3rd period - Wrist shot by Jan Bulis.
5:56 of 3rd period - Shot Blocked by Jack Johnson.
5:58 of 3rd period - Slapshot by Branislav Mezei.
5:58 of 3rd period - Deflect By Chuck Kobasew.
5:58 of 3rd period - Stopped by Jimmy Howard with a rebound.
6:02 of 3rd period - Wrist shot by Ramzi Abid.
6:02 of 3rd period - Stopped by Jimmy Howard without a rebound.
6:03 of 3rd period - Marc Savard wins face-off versus Jason Allison in Avalanche zone.
6:06 of 3rd period - Slapshot by Marc Savard.
6:06 of 3rd period - Shot Misses the Net.
6:08 of 3rd period - Snap shot by Marc Savard.
6:08 of 3rd period - Shot Misses the Net.
6:12 of 3rd period - Snap shot by Pavel Bure.
6:12 of 3rd period - Shot Misses the Net.
6:14 of 3rd period - Slapshot by Brad Stuart.
6:14 of 3rd period - Stopped by Jimmy Howard without a rebound.
6:15 of 3rd period - Marc Savard wins face-off versus Mike Comrie in Avalanche zone.
6:45 of 3rd period - Snap shot by Rostislav Olesz.
6:45 of 3rd period - Shot Blocked by Brad Stuart.
7:09 of 3rd period - Snap shot by Dave Steckel.
7:09 of 3rd period - Shot Misses the Net.
7:11 of 3rd period - Snap shot by Jeff Taffe.
7:11 of 3rd period - Stopped by Jimmy Howard without a rebound.
7:12 of 3rd period - Dave Steckel wins face-off versus Mike Comrie in Avalanche zone.
7:13 of 3rd period - Snap shot by Jeff Taffe.
7:13 of 3rd period - Shot Blocked by Brian Campbell.
7:21 of 3rd period - Snap shot by Jack Johnson.
7:21 of 3rd period - Stopped by Rick DiPietro with a rebound.
7:23 of 3rd period - Slapshot by Ryan Smyth.
7:23 of 3rd period - Shot Misses the Net.
7:25 of 3rd period - Wrist shot by Ryan Smyth.
7:25 of 3rd period - Shot Misses the Net.
7:27 of 3rd period - Snap shot by Ryan Smyth.
7:27 of 3rd period - Stopped by Rick DiPietro without a rebound.
7:28 of 3rd period - Jason Allison wins face-off versus Marc Savard in Blue Jackets zone.
7:29 of 3rd period - Slapshot by Corey Perry.
7:29 of 3rd period - Stopped by Rick DiPietro with a rebound.
8:15 of 3rd period - Slapshot by Wade Redden.
8:15 of 3rd period - Stopped by Jimmy Howard without a rebound.
8:16 of 3rd period - Bryan Little wins face-off versus Chris Kelly in Avalanche zone.
8:42 of 3rd period - Bryan Little is hit by Blake Wheeler and loses puck.
9:01 of 3rd period - Minor Penalty to Andrew Ladd for Roughing.
9:02 of 3rd period - Pavel Bure wins face-off versus Mike Comrie in Avalanche zone.
9:07 of 3rd period - Wrist shot by David Booth.
9:07 of 3rd period - Stopped by Jimmy Howard with a rebound.
10:26 of 3rd period - Jan Bulis is hit by Marc Staal and loses puck.
11:01 of 3rd period - Penalty to Andrew Ladd is over, Andrew Ladd is back on ice.
11:34 of 3rd period - Wade Redden is hit by Michael Rupp and loses puck.
11:47 of 3rd period - Mike Comrie is hit by Adam Deadmarsh and loses puck.
12:21 of 3rd period - Minor Penalty to Rostislav Olesz for Cross-checking.
12:22 of 3rd period - Mike Comrie wins face-off versus Marc Savard in Avalanche zone.
12:22 of 3rd period - Mike Comrie is hit by Pavel Bure.
12:59 of 3rd period - Slapshot by Wade Redden.
12:59 of 3rd period - Deflect By Blake Wheeler.
12:59 of 3rd period - Stopped by Jimmy Howard without a rebound.
13:00 of 3rd period - Dustin Byfuglien wins face-off versus Jan Bulis in Avalanche zone.
13:25 of 3rd period - Dustin Byfuglien is hit by Marc Savard and loses puck.
13:30 of 3rd period - Slapshot by Marc Savard.
13:30 of 3rd period - Shot Blocked by Chuck Kobasew.
13:32 of 3rd period - Slapshot by Wade Redden.
13:32 of 3rd period - Deflect By Pavel Bure.
13:32 of 3rd period - Stopped by Jimmy Howard without a rebound.
13:33 of 3rd period - Mike Comrie wins face-off versus Marc Savard in Avalanche zone.
13:33 of 3rd period - Mike Comrie is hit by David Booth.
13:48 of 3rd period - Slapshot by Marc Savard.
13:48 of 3rd period - Stopped by Jimmy Howard with a rebound.
14:02 of 3rd period - Snap shot by Wade Redden.
14:02 of 3rd period - Shot Misses the Net.
14:08 of 3rd period - Snap shot by Blake Wheeler.
14:08 of 3rd period - Shot Blocked by Shane O'Brien.
14:18 of 3rd period - Pavel Bure is hit by Dave Tanabe and loses puck.
14:21 of 3rd period - Penalty to Rostislav Olesz is over, Rostislav Olesz is back on ice.
14:37 of 3rd period - Wrist shot by Rostislav Olesz.
14:37 of 3rd period - Shot Misses the Net.
14:39 of 3rd period - Slapshot by Dave Tanabe.
14:39 of 3rd period - Shot Misses the Net.
15:07 of 3rd period - Minor Penalty to Brad Stuart for Interference.
15:08 of 3rd period - Jason Allison wins face-off versus Marc Savard in Blue Jackets zone.
15:33 of 3rd period - Bryan Little is hit by Wade Redden and loses puck.
16:36 of 3rd period - Drew Doughty is hit by Wade Redden and loses puck.
16:43 of 3rd period - Jeff Taffe is hit by Jason Pominville and loses puck.
17:07 of 3rd period - Penalty to Brad Stuart is over, Brad Stuart is back on ice.
17:26 of 3rd period - Shane O'Brien is hit by Jan Bulis and loses puck.
17:37 of 3rd period - Jan Bulis is hit by Shane O'Brien and loses puck.
17:50 of 3rd period - Dustin Byfuglien is hit by François Beauchemin and loses puck.
17:54 of 3rd period - Icing by Shane O'Brien.
17:55 of 3rd period - Marc Savard wins face-off versus Mike Comrie in Avalanche zone.
18:14 of 3rd period - Ryan Smyth is hit by Wade Redden and loses puck.
18:21 of 3rd period - Snap shot by Dave Steckel.
18:21 of 3rd period - Stopped by Jimmy Howard without a rebound.
18:22 of 3rd period - Chris Kelly wins face-off versus Jason Allison in Avalanche zone.
18:51 of 3rd period - Wrist shot by Pavel Bure.
18:51 of 3rd period - Stopped by Jimmy Howard without a rebound.
18:52 of 3rd period - Mike Comrie wins face-off versus Marc Savard in Avalanche zone.
18:54 of 3rd period - Minor Penalty to Michael Rupp for Interference.
18:55 of 3rd period - Mike Comrie wins face-off versus Marc Savard in Avalanche zone.
19:53 of 3rd period - Shane O'Brien is hit by Branislav Mezei.
Goals for this period are 1 for Avalanche vs 0 for Blue Jackets.
Shots for this period are 10 for Avalanche vs 13 for Blue Jackets.
Output by the SimonT Hockey Simulator (STHS) for François Prévost -- Original Page W3C XHTML 1.0 Valid